 Dungeon Crawl Stone Soup version 0.31.0-2-g5a2aebc5c2 (webtiles) character file.

Game seed: 16988595595690692865

7170 EnegeticOcto the Blocker (level 10, -4/90 HPs)
             Began as a Minotaur Fighter on Jan 20, 2024.
             Was the Champion of Cheibriados.
             Slain by a two-headed ogre
             ... wielding a +0 giant spiked club
              (8 damage)
             ... on level 9 of the Dungeon.
             The game lasted 00:04:17 (6574 turns).

EnegeticOcto the Blocker (Minotaur Fighter)         Turns: 6574, Time: 00:04:17

Health: -4/90      AC: 11    Str: 41    XL:     10   Next: 86%
Magic:  13/13      EV: 19    Int: 20    God:    Cheibriados [******]
Gold:   227        SH:  0    Dex: 24    Spells: 9/9 levels left

rFire   . . .        z - +1 battleaxe (freeze)
rCold   . . .        (shield currently unavailable)
rNeg    . . .        p - +0 plate armour
rPois   .            (helmet restricted)
rElec   .            t - +0 cloak
rCorr   .            (no gloves)
SInv    +            (no boots)
Will    .....        (no amulet) Stlth
                     m - ring of see invisible
HPRegen 0.35/turn    l - +5 ring of evasion
MPRegen 0.13/turn

%: no passive effects
@: marked, corroded, studying 2 skills, very slow
A: horns 2, retaliatory headbutt
a: Renounce Religion, Bend Time, Temporal Distortion, Slouch, Step From Time


You were on level 9 of the Dungeon.
You worshipped Cheibriados.
Cheibriados was exalted by your worship.
You visited 1 branch of the dungeon, and saw 9 of its levels.

You collected 425 gold pieces.
You spent 198 gold pieces at shops.

Inventory:

Hand Weapons
 a - a +0 war axe
 x - a +2 war axe
   (You took it off a wight on level 7 of the Dungeon)
 z - a +1 battleaxe of freezing (weapon)
   (You took it off Harold on level 9 of the Dungeon)
Missiles
 o - 7 throwing nets (quivered)
Armour
 b - a +0 scale mail
 c - a +0 buckler
 p - a +0 plate armour (worn)
   (You found it on level 3 of the Dungeon)
 t - a +0 cloak (worn)
   (You took it off Crazy Yiuf on level 6 of the Dungeon)
Jewellery
 j - a ring of poison resistance
   (You found it on level 2 of the Dungeon)
 l - a +5 ring of evasion (right hand)
   (You found it on level 2 of the Dungeon)
 m - a ring of see invisible (left hand)
   (You found it on level 6 of the Dungeon)
 w - a ring of willpower
   (You found it on level 7 of the Dungeon)
 A - an amulet of reflection
   (You found it on level 8 of the Dungeon)
Wands
 k - a wand of light (15) {@v1}
   (You found it on level 2 of the Dungeon)
 u - a wand of paralysis (9)
   (You found it on level 7 of the Dungeon)
 v - a wand of polymorph (10)
   (You found it on level 7 of the Dungeon)
Scrolls
 e - 2 scrolls of amnesia
 q - a scroll of enchant armour
 r - a scroll of identify {@r1}
 s - a scroll of teleportation {@r3}
 y - a scroll of blinking {@r4}
Potions
 d - 4 potions of might {@q3}
 f - 5 potions of heal wounds {@q2}
 g - 2 potions of cancellation
 h - 3 potions of curing {@q1}
 i - 2 potions of brilliance
 n - 2 potions of magic


   Skills:
 + Level 8.7 Fighting
 * Level 10.9 Axes
 + Level 8.6 Armour
 + Level 6.6 Dodging
 + Level 11.0 Shields
 + Level 6.1 Invocations


You had 9 spell levels left.
You didn't know any spells.
Your spell library was empty.

Dungeon Overview and Level Annotations

Branches:
Dungeon (9/15)             Temple (0/1) D:6            Lair (0/5) D:8
    Orc: D:9-12

Altars:
Cheibriados
Gozag
Uskayaw
Vehumet
Zin

Shops:
D:1 !


Innate Abilities, Weirdness & Mutations

You have a pair of horns on your head.
You reflexively headbutt those who attack you in melee.


Message History

Harold is almost dead.
Harold hits you with a +1 battleaxe of freezing!!
Harold freezes you!
You slash Harold!
You kill Harold!
Cheibriados appreciates the change of pace.
Harold looks down at his mortal wounds and cries, "But... this was my last day before retirement..."
Your Shields skill increases to level 11!
Your Invocations skill increases to level 6!
No target in view!
No target in view!
No target in view!
o - 7 throwing nets (gained 2)
Things that are here:
a +1 battleaxe of freezing; a +0 chain mail; the human corpse of Harold You start removing your armour.
You continue taking off your +0 buckler. x4
You finish taking off your +0 buckler.
Things that are here:
a +1 battleaxe of freezing; a +0 chain mail; the human corpse of Harold Your +1 battleaxe of freezing glows with a cold blue light!
z - a +1 battleaxe of freezing (weapon)
An orc wizard comes into view. It is wielding a +0 dagger.
An orc wizard is nearby!
A wight comes into view. It is wielding a +1 dagger of freezing.
An acid dragon comes into view.
The orc wizard mumbles some strange words.
The orc wizard flickers and vanishes for a moment.
The acid dragon spits acid at you.
The splash of acid hits you but does no damage.
The acid corrodes you!
An orc comes into view. It is wielding a +0 mace.
The acid dragon moves out of view.
The orc wizard closely misses you.
A two-headed ogre comes into view.
It is wielding a +0 giant spiked club and a +0 giant club.
The orc wizard closely misses you.
You slash the orc wizard! You freeze the orc wizard.
You headbutt the orc wizard.
You kill the orc wizard!
Cheibriados appreciates the change of pace.
You slash the wight!
You destroy the wight!
Cheibriados appreciates the change of pace.
A wight comes into view. It is wielding a +1 dagger.
The acid dragon bites you. The acid dragon closely misses you.
The acid dragon misses you.
The acid dragon claws you but does no damage.
Things that are here:
a +1 dagger of freezing; a +0 robe; 2 smoky golden potions You hit the acid dragon.
You freeze the acid dragon.
The acid dragon is moderately wounded.
You slash the orc! You freeze the orc.
You kill the orc!
Cheibriados appreciates the change of pace.
An orc comes into view. It is wielding a +0 mace.
The acid dragon spits acid at you. The splash of acid hits you!
The acid corrodes you!
You slash the acid dragon! You freeze the acid dragon.
The acid dragon is severely wounded.
The acid dragon spits acid at you. The splash of acid hits you!!
The acid corrodes you!
You are too injured to fight recklessly!
You are too injured to fight recklessly!
You are too injured to fight recklessly!
You are too injured to fight recklessly!
You are too injured to fight recklessly!
You are too injured to fight recklessly!
You are too injured to fight recklessly!
You are too injured to fight recklessly!
You are too injured to fight recklessly!
You are too injured to fight recklessly!
You are too injured to fight recklessly!
You slash the acid dragon! You freeze the acid dragon.
You kill the acid dragon!
Cheibriados appreciates the change of pace.
The acid dragon scales are intact enough to wear.
A wight comes into view. It is wielding a +0 hand axe.
You slash the two-headed ogre! You freeze the two-headed ogre!
The two-headed ogre is heavily wounded.
An orc priest comes into view. It is wielding a +0 short sword.
The two-headed ogre hits you with a +0 giant spiked club!!
* * * LOW HITPOINT WARNING * * *
The two-headed ogre misses you. The wight barely misses you.
You slash the two-headed ogre! You freeze the two-headed ogre.
The two-headed ogre is severely wounded.
You barely miss the wight.
A water moccasin comes into view.
The two-headed ogre closely misses you.
The two-headed ogre completely misses you.
The wight hits you with a +1 dagger.
* * * LOW HITPOINT WARNING * * *
You hit the two-headed ogre but do no damage.
You headbutt the two-headed ogre!
The two-headed ogre is almost dead.
You hit the wight.
The two-headed ogre completely misses you.
You furiously retaliate!
You headbutt the two-headed ogre, but do no damage.
The two-headed ogre hits you with a +0 giant club!
You die...

####....###.(....
...........>...[.
####....###......
#......# #......
#.[o...# #......
#...#### #.....#
#######z..# #.#####
###....(z...# #.#
#......@Oo..### #.#
#................#.#
#..........#.....#.#
#...†.>.............
#.[.[...............
...............S.......
.........######......
......#### .... ......
..


You could see a two-headed ogre, a water moccasin, 2 wights, an orc priest and
an orc.

Vanquished Creatures
  Harold (D:9)
  A two-headed ogre (D:8)
  Grinder (D:3)
  3 slime creatures (D:9)
  A wyvern (D:8)
  4 yaks (D:9)
  3 basilisks (D:8)
  An acid dragon (D:9)
  2 ice beasts
  2 orc warriors
  A sky beast (D:8)
  2 black bears
  A swamp drake (D:8)
  7 ogres
  2 phantoms
  2 kobold brigands (D:8)
  A gnoll sergeant (D:7)
  5 bullfrogs
  3 scorpions
  9 wights
  7 killer bees
  6 howler monkeys
  4 bombardier beetles
  2 hounds
  An orc priest (D:5)
  Crazy Yiuf (D:6)
  2 jellies
  A sleepcap (D:6)
  2 orc wizards
  4 iguanas
  Robin (D:3)
  9 gnolls
  12 adders
  A shadow imp (D:6)
  A white imp (D:6)
  3 dart slugs
  6 ribbon worms
  25 orcs
  7 endoplasms
  3 giant cockroaches
  15 goblins
  9 hobgoblins
  7 jackals
  3 quokkas
  8 ball pythons
  9 bats
  4 frilled lizards
  18 kobolds
  9 rats
232 creatures vanquished.

Notes
Turn   | Place    | Note
-------+----------+-------------------------------------------
     0 | D:1      | EnegeticOcto the Minotaur Fighter began the quest for the
                  | Orb.
     0 | D:1      | Reached XP level 1. HP: 19/19 MP: 0/0
    81 | D:1      | Found Xude's Distillery.
   156 | D:1      | Reached XP level 2. HP: 27/27 MP: 1/1
   160 | D:1      | Found a faded altar of an unknown god.
   169 | D:1      | Prayed at the altar of an unknown god.
   169 | D:1      | Became a worshipper of Cheibriados the Contemplative
   169 | D:1      | Reached * piety under Cheibriados
   398 | D:1      | Reached XP level 3. HP: 33/33 MP: 2/2
   552 | D:1      | Reached ** piety under Cheibriados
   730 | D:2      | Reached skill level 4 in Shields
  1310 | D:3      | Reached skill level 1 in Dodging
  1311 | D:3      | Reached *** piety under Cheibriados
  1312 | D:3      | Reached skill level 1 in Invocations
  1315 | D:3      | Reached XP level 4. HP: 40/40 MP: 3/3
  1513 | D:3      | Identified a scroll of acquirement
  1513 | D:3      | Acquired a manual of Shields
  1574 | D:3      | Noticed Grinder
  1579 | D:3      | Killed Grinder
  1580 | D:3      | Reached skill level 5 in Shields
  1580 | D:3      | Reached XP level 5. HP: 26/47 MP: 5/5
  1580 | D:3      | Reached XP level 6. HP: 29/53 MP: 6/6
  1695 | D:3      | Noticed Robin
  1701 | D:3      | Killed Robin
  1724 | D:3      | Reached **** piety under Cheibriados
  2187 | D:4      | Reached skill level 5 in Axes
  2502 | D:4      | Reached skill level 5 in Fighting
  2526 | D:5      | Entered Level 5 of the Dungeon
  2548 | D:5      | Noticed an ice beast
  2552 | D:5      | Reached skill level 5 in Armour
  2552 | D:5      | Reached XP level 7. HP: 61/61 MP: 7/7
  2558 | D:5      | Reached skill level 6 in Shields
  2572 | D:5      | Reached XP level 8. HP: 35/70 MP: 9/9
  2576 | D:5      | Reached ***** piety under Cheibriados
  2717 | D:5      | Reached skill level 7 in Shields
  2983 | D:5      | Found an opulent altar of Gozag.
  3356 | D:1      | Bought a potion of curing for 33 gold pieces
  3356 | D:1      | Bought a potion of heal wounds for 55 gold pieces
  3356 | D:1      | Bought a potion of heal wounds for 55 gold pieces
  3356 | D:1      | Bought a potion of heal wounds for 55 gold pieces
  3731 | D:6      | Reached skill level 8 in Shields
  3738 | D:6      | Reached XP level 9. HP: 78/78 MP: 11/11
  3965 | D:6      | Found a runed translucent door.
  3966 | D:6      | Noticed Crazy Yiuf
  4049 | D:6      | Found a radiant altar of Vehumet.
  4214 | D:6      | Found a staircase to the Ecumenical Temple.
  4301 | D:6      | Killed Crazy Yiuf
  4565 | D:7      | Reached skill level 5 in Dodging
  4778 | D:7      | Found a hide-covered altar of Uskayaw.
  4791 | D:7      | Reached skill level 9 in Shields
  5020 | D:8      | Found a snail-covered altar of Cheibriados.
  5096 | D:8      | Reached ****** piety under Cheibriados
  5097 | D:8      | Reached skill level 5 in Invocations
  5287 | D:8      | Noticed a two-headed ogre
  5295 | D:8      | Killed a two-headed ogre
  5296 | D:8      | Reached XP level 10. HP: 88/88 MP: 12/12
  5491 | D:8      | Found a glowing silver altar of Zin.
  5705 | D:8      | Reached skill level 10 in Shields
  5714 | D:8      | Reached skill level 10 in Axes
  5887 | D:8      | Found a staircase to the Lair.
  6293 | D:9      | HP: 4/89 [yak (6)]
  6541 | D:9      | Noticed Harold
  6552 | D:9      | Killed Harold
  6553 | D:9      | Reached skill level 11 in Shields
  6566 | D:9      | Noticed a two-headed ogre
  6573 | D:9      | HP: 4/90 [wight/+1 dagger (4)]
  6574 | D:9      | Slain by a two-headed ogre

Illustrated notes

Levels and vault maps discovered:
D:1:      dpeg_arrival_short_road, layout_basic, basic_ecumenical_altar,
          serial_shops, nicolae_shop_pleasant_corner_grove
D:2:      layout_loops_ring
D:3:      minmay_diamond_boxcup, layout_rooms, uniq_robin, uniq_grinder
D:4:      layout_basic
D:5:      layout_gridville, lemuel_tele_altar, minmay_manual_mullet
D:6:      layout_rooms, mainiacjoe_overflow_concentric_impassable, temple_green,
          uniq_crazy_yiuf_cottage
D:7:      layout_basic, nicolae_uskayaw_murder_on_the_dancefloor,
          minmay_misc_feat_diagonals
D:8:      layout_basic, slow_altar_2, zin_scriptorium, erik_lair_dragon,
          eino_tiny_chamber
D:9:      layout_basic, serial_shops, shop, serial_nicolae_subway,
          nicolae_sub_station_crystal, nicolae_sub_station_metal,
          nicolae_sub_station_stone, uniq_harold

Skill      XL: |  1  2  3  4  5  6  7  8  9 10 |
---------------+-------------------------------+-----
Axes           | 3 4 5 6 7 9 10 | 10.9
Fighting       | 4 5 6 7 8 |  8.7
Armour         | 4 5 6 7 8 |  8.6
Shields        | 4 5 6 8 9 11 | 11.0
Dodging        | 1 2 3 4 5 6 |  6.6
Invocations    | 1 2 3 4 5 6 |  6.1

Action                     |  1- 3 |  4- 6 |  7- 9 | 10-12 || total
---------------------------+-------+-------+-------+-------++-------
  Melee: War axe           |   103 |    83 |   198 |    59 ||   443
         Headbutt          |     9 |    16 |    32 |    19 ||    76
         Battleaxe         |       |       |       |     7 ||     7
    Use: Scroll            |       |     7 |     5 |     1 ||    13
 Armour: Scale mail        |    47 |       |       |       ||    47
         Plate armour      |       |    26 |    87 |    61 ||   174
  Dodge: Dodged            |    67 |    54 |   173 |    42 ||   336
  Block: Buckler           |    28 |    18 |    87 |    27 ||   160
